 Dungeon Crawl Stone Soup version 0.31-a0-246-g8cbcc1cb85 (webtiles) character file.

Game seed: 13634598316629613585

159 qw the Shooter (level 5, 0/45 HPs)
             Began as a Minotaur Hexslinger on July 12, 2023.
             Slain by an orc
             ... wielding a +0 flail
              (4 damage)
             ... on level 4 of the Dungeon.
             The game lasted 00:00:48 (1577 turns).

qw the Shooter (Minotaur Hexslinger)                Turns: 1577, Time: 00:00:49

Health: 0/45       AC:  7    Str: 13    XL:     5   Next: 17%
Magic:  5/5        EV: 11    Int: 10    God:
Gold:   111        SH:  0    Dex: 14    Spells: 5/6 levels left

rFire   . . .        Y - +1 sling
rCold   . . .        (no shield)
rNeg    . . .        k - +0 ring mail
rPois   .            j - +2 hat
rElec   .            (no cloak)
rCorr   .            (no gloves)
SInv    .            (no boots)
Will    .....        (no amulet)
Stlth   +            (no ring)
HPRegen 0.27/turn    (no ring)
MPRegen 0.09/turn

%: no passive effects
@: no status effects
A: horns 2, retaliatory headbutt
a: no special abilities


You were on level 4 of the Dungeon.
You visited 1 branch of the dungeon, and saw 4 of its levels.

You collected 111 gold pieces.


Innate Abilities, Weirdness & Mutations

You have a pair of horns on your head.
You reflexively headbutt those who attack you in melee.


   Skills:
 - Level 3.2 Fighting
 + Level 5.1 Ranged Weapons
 - Level 1.0 Armour
 - Level 2.1 Dodging
 - Level 1.0 Spellcasting
 - Level 2.0 Hexes


You had 5 spell levels left.
You knew the following spells:

 Your Spells              Type           Power      Damage    Failure   Level
a - Slow                  Hex            16%        N/A       32%         1

Your spell library contained the following spells:

 Spells                   Type           Power      Damage    Failure   Level
 Inner Flame              Hex/Fire       2%         N/A       82%         3
 Portal Projectile        Hex/Tloc       4%         N/A       82%         3
 Cause Fear               Hex            2%         N/A       97%         4

Inventory:

Hand Weapons
 Y - a +1 sling (weapon)
Armour
 j - a +2 hat (worn)
 k - a +0 ring mail (worn)
Scrolls
 a - 3 scrolls of identify
 d - a scroll of enchant weapon {unknown}
Potions
 b - a potion of curing
 c - a potion of mutation {unknown}
 f - a potion of berserk rage {unknown}
 g - a potion of resistance
 i - a potion of degeneration {unknown}
 l - a potion of heal wounds {unknown}
 n - a potion of might

Dungeon Overview and Level Annotations

Branches:
Dungeon (3/15)

Altars:


Message History

You shoot a sling bullet. The sling bullet hits the iguana.
The iguana is severely wounded.
The iguana bites you but does no damage.
You shoot a sling bullet.
The sling bullet hits the iguana but does no damage.
The iguana is severely wounded.
The iguana bites you.
You shoot a sling bullet. The sling bullet hits the iguana!
You kill the iguana!
The orc hits you but does no damage.
Your Fighting skill increases to level 3!
You have reached level 5!
You shoot a sling bullet.
The sling bullet hits the orc but does no damage.
The orc hits you with a +0 club. The orc barely misses you.
The orc hits you but does no damage.
You shoot a sling bullet. The sling bullet hits the orc.
The orc is moderately wounded.
The orc hits you but does no damage. x2
You shoot a sling bullet.
The sling bullet closely misses the orc.
The orc hits you but does no damage. The orc closely misses you.
The orc barely misses you.
You shoot a sling bullet. The sling bullet hits the orc.
The orc is heavily wounded.
The orc hits you but does no damage. x2; The orc hits you with a +0 short sword.
The orc hits you with a +0 flail.
You shoot a sling bullet.
The sling bullet closely misses the orc.
The orc hits you but does no damage. The orc misses you.
The orc hits you with a +0 short sword. The orc hits you with a +0 flail.
You shoot a sling bullet.
The sling bullet hits the orc but does no damage.
The orc is heavily wounded.
The orc completely misses you. The orc closely misses you.
The orc hits you but does no damage. x2; The orc closely misses you.
You furiously retaliate!
You headbutt the orc. The orc hits you but does no damage. The orc misses you.
The orc hits you with a +0 flail.
You die...

...........
..##..#......
#.....[.....
#..........
#.........
.......o.
.......#o## #.
#..go@o#
#..#...o..##
..%.......# ##
..##......#...##
. #...........#
#...##.....##
##...#....##
#.........#
##.......##


You could see 5 orcs and a hobgoblin.

Vanquished Creatures
  Jessica (D:2)
  An iguana (D:4)
  3 adders
  A gnoll (D:1)
  An ufetubus (D:3)
  A worm (D:2)
  2 dart slugs (D:1)
  3 orcs
  7 endoplasms
  2 giant cockroaches
  2 goblins
  7 hobgoblins
  5 kobolds
  A quokka (D:1)
  8 ball pythons
  4 bats
  6 frilled lizards
  4 rats (D:1)
59 creatures vanquished.

Notes
Turn   | Place    | Note
-------+----------+-------------------------------------------
     0 | D:1      | qw the Minotaur Hexslinger began the quest for the Orb.
     0 | D:1      | Reached XP level 1. HP: 16/16 MP: 1/1
     0 | D:1      | 0 ||| qw: Version: 0.3-a-52-g30416fa
     0 | D:1      | 0 ||| qw: Game counter: 6263
     0 | D:1      | 0 ||| qw: Melee chars always use a shield: true
     0 | D:1      | 0 ||| qw: God list: Okawaru
     0 | D:1      | 0 ||| qw: Allow faded altars: false
     0 | D:1      | 0 ||| qw: Do Orc after clearing Dungeon:15 true
     0 | D:1      | 0 ||| qw: Do second Lair branch before Depths: true
     0 | D:1      | 0 ||| qw: Lair rune preference: random
     0 | D:1      | 0 ||| qw: Goals: Normal
     0 | D:1      | 0 ||| PLANNING D:1-11
    75 | D:1      | 75 ||| FLEEEEING.
    88 | D:1      | Reached skill level 3 in Ranged Weapons
   106 | D:1      | Reached XP level 2. HP: 23/23 MP: 2/2
   469 | D:1      | Reached XP level 3. HP: 29/29 MP: 3/3
   608 | D:1      | Reached skill level 4 in Ranged Weapons
   673 | D:1      | 673 ||| UPGRADING to +2 hat.
   678 | D:1      | 678 ||| UPGRADING to +0 ring mail.
   688 | D:1      | 688 ||| DROPPING +0 robe.
   689 | D:1      | 689 ||| READING 3 scrolls labelled LOAMUEJ SORPHA.
   690 | D:1      | 690 ||| READING scroll labelled YBE QOAWOINA.
   691 | D:1      | 691 ||| READING scroll labelled AVVEAS VICEUV.
   692 | D:1      | 692 ||| READING scroll labelled CAGAUG TIHYCA.
   693 | D:1      | 693 ||| DRINKING 2 fizzy cyan potions.
   694 | D:1      | 694 ||| READING 2 scrolls of identify.
   694 | D:1      | 694 ||| IDENTIFYING fizzy pink potion
   695 | D:1      | 695 ||| DROPPING scroll of poison.
   696 | D:1      | 696 ||| DROPPING potion of attraction.
   739 | D:2      | Reached skill level 1 in Armour
   819 | D:2      | Noticed Jessica
   825 | D:2      | Killed Jessica
   826 | D:2      | Reached XP level 4. HP: 21/36 MP: 4/4
  1035 | D:2      | Reached skill level 5 in Ranged Weapons
  1230 | D:2      | 1230 ||| READING scroll labelled ECKAOR DOERCHU.
  1231 | D:2      | 1231 ||| DRINKING 2 golden potions.
  1232 | D:2      | 1232 ||| READING 2 scrolls of identify.
  1232 | D:2      | 1232 ||| IDENTIFYING emerald potion
  1545 | D:3      | You fall into a shaft and drop 1 floor!
  1572 | D:4      | Reached skill level 3 in Fighting
  1572 | D:4      | Reached XP level 5. HP: 14/45 MP: 5/5
  1575 | D:4      | HP: 9/45 [orc/+0 flail (4)]
  1576 | D:4      | HP: 4/45 [orc/+0 flail (5)]
  1577 | D:4      | Slain by an orc

Levels and vault maps discovered:
D:1:      lemuel_arrival_rhombus, layout_basic, minmay_crystal_water,
          minmay_nonomino_d4
D:2:      layout_rooms, grunt_decor_fettered, uniq_jessica
D:3:      layout_basic
D:4:      layout_cave_pools, fedhas_altar_4, temple_fountains

Skill      XL: |  1  2  3  4 |
---------------+-------------+-----
Ranged Weapons | 3 4 5 |  5.1
Fighting       | 2 3 |  3.2
Armour         | 1 |  1.0
Dodging        | |  2.1
Spellcasting   | |  1.0
Hexes          | |  2.0

Action                     |  1- 3 |  4- 6 || total
---------------------------+-------+-------++-------
   Fire: Sling             |   130 |    75 ||   205
    Use: Scroll            |     5 |     2 ||     7
         Potion            |     1 |     1 ||     2
 Armour: Robe              |     5 |       ||     5
         Ring mail         |     4 |    30 ||    34
  Dodge: Dodged            |    28 |    33 ||    61

Table legend:
 A = Non-vault XP
 B = Vault XP
 C = Vault XP percentage of total XP
 D = Non-vault monster count
 E = Vault monster count
 F = Vault count percentage of total count
                 A         B        C        D         E       F
            +---------+---------+-------+---------+---------+-------
      Total |     183 |      45 |  19.7 |      52 |       7 |  11.9
            +---------+---------+-------+---------+---------+-------
        D:1 |      55 |       8 |  12.7 |      25 |       6 |  19.4
        D:2 |      62 |      37 |  37.4 |      20 |       1 |   4.8
        D:3 |      27 |       0 |   0.0 |       5 |       0 |   0.0
        D:4 |      39 |       0 |   0.0 |       2 |       0 |   0.0
            +---------+---------+-------+---------+---------+-------
